 Dungeon Crawl Stone Soup version 0.25-a0-290-g4a1327ee3a (webtiles) character file.

Game seed: 7488192705439577161, levelgen mode: deterministic

1696 Anathary the Basher (level 9, 0/51 HPs)
             Began as a Gargoyle Fighter on Dec 14, 2019.
             Was a Follower of Makhleb.
             Slain by a centaur (6 damage)
             ... on level 6 of the Dungeon.
             The game lasted 00:21:07 (5711 turns).

Anathary the Basher (Gargoyle Fighter)              Turns: 5711, Time: 00:21:07

Health: 0/51       AC: 17    Str: 22    XL:     9   Next: 3%
Magic:  9/9        EV: 10    Int: 10    God:    Makhleb [*.....]
Gold:   281        SH:  9    Dex:  9    Spells: 8/8 levels left

rFire    . . .     SeeInvis .   a - +0 flail
rCold    . . .     Gourm    .   c - +0 shield
rNeg     + . .     Faith    .   b - +0 scale mail
rPois    ∞         Spirit   .   v - +0 helmet
rElec    +         Reflect  .   q - scarf {repulsion}
rCorr    .         Harm     .   (no gloves)
MR       .....                  (no boots)
Stlth    ..........             (no amulet)
HPRegen  0.17/turn              g - +3 ring of evasion
MPRegen  0.11/turn              w - +3 ring of protection

@: marked, repel missiles
A: negative energy resistance 1, electricity resistance, unbreathing,
petrification resistance, rot immunity, AC +6
a: Renounce Religion


You were on level 6 of the Dungeon.
You worshipped Makhleb.
Makhleb was aware of your devotion.
You were not hungry.

You visited 1 branch of the dungeon, and saw 7 of its levels.

You collected 281 gold pieces.

Inventory:

Hand Weapons
 a - a +0 flail (weapon)
Armour
 b - a +0 scale mail (worn)
 c - a +0 shield (worn)
 q - a scarf of repulsion (worn)
 v - a +0 helmet (worn)
 x - a +2 cloak
Jewellery
 g - a +3 ring of evasion (left hand)
 k - an uncursed ring of protection from fire
 w - a +3 ring of protection (right hand)
Wands
 i - a wand of iceblast (11)
 l - a wand of random effects (21)
 u - a wand of digging (4)
Scrolls
 e - 2 scrolls of identify
 o - 5 scrolls of remove curse
 p - 2 scrolls of amnesia
 t - a scroll of noise {unknown}
 y - 2 scrolls of enchant armour {unknown}
 B - a scroll of fear {unknown}
 C - 3 scrolls of immolation {unknown}
Potions
 d - a potion of might
 h - 2 potions of heal wounds
 j - 4 potions of haste
 m - 3 potions of degeneration {unknown}
 n - a potion of curing {unknown}
 r - 4 potions of agility
 s - a potion of berserk rage {unknown}
 z - a potion of cancellation {unknown}
 A - a potion of flight {unknown}
 D - a potion of brilliance {unknown}
Comestibles
 f - 7 rations


   Skills:
 - Level 3.2 Fighting
 * Level 10.8 Maces & Flails
 + Level 3.9 Armour
 - Level 0.2 Dodging
 + Level 4.1 Shields


You had 8 spell levels left.
You didn't know any spells.
Your spell library contained the following spells:

 Spells                   Type           Power        Failure   Level  Hunger
 Foxfire                  Conj/Fire      #...         98%         1    ##.....
 Conjure Flame            Conj/Fire      #.......     100%        3    ####...
 Inner Flame              Hex/Fire       #.......     100%        3    ####...
 Sticky Flame             Conj/Fire      #.......     100%        4    #####..
 Fireball                 Conj/Fire      #.........   100%        5    ######.


Dungeon Overview and Level Annotations

Branches:
Dungeon (7/15)             Temple (0/1) D:6

Altars:
Kikubaaqudgha
Makhleb
Nemelex Xobeh
Okawaru
Xom

Shops:
D:4 *

Annotations:
D:6 1 runed translucent door, Harold; lukutis69's ghost, novice MiBe


Innate Abilities, Weirdness & Mutations

You are resistant to torment.
Your stone body is resilient. (AC +6)
You are immune to poison.
You resist negative energy. (rN+)
You are resistant to electric shocks. (rElec)
You can survive without breathing.
You are immune to petrification.
You are immune to rotting.


Message History

The killer bee stings you.
* * * LOW HITPOINT WARNING * * *
The killer bee stings you but does no damage.
Harold hits you with a +0 battleaxe.
* * * LOW HITPOINT WARNING * * *
You climb upwards.
Level annotation: 1 runed translucent door, lukutis69's ghost, novice MiBe
There is a stone staircase leading down here.
You hit Harold.
Harold is heavily wounded.
You block the centaur's attack. The centaur closely misses you.
You hit Harold.
Harold is heavily wounded.
Harold hits you with a +0 battleaxe.
* * * LOW HITPOINT WARNING * * *
The centaur barely misses you.
You hit Harold but do no damage.
Harold is heavily wounded.
The centaur hits you.
You die...

†...........##
##.#.........##
..............#
#............##
###
#............#
##.##
#............#
##.#.####
#...###.###..#
##.###†..# #...#
#.# #..######.##
##..# ....#
#.###..yy@@cy##
##.# #)#.#
#....>.######.##
##..# ....#
######.#
##.###<..# #...#
#.# ##.#..###
#...# #.# ##.#.#
#...##### #.#
#.#.# ........#
#.# #.#.#
#...###.# #.#
#.#.# #...# #.#
#.# #.#.#


You could see Harold, a centaur and 3 killer bees.

Vanquished Creatures
  Grinder (D:4)
  Sigmund (D:4)
  Eustachio (D:4)
  2 sky beasts (D:5)
  An ogre (D:4)
  2 bullfrogs (D:6)
  A scorpion (D:6)
  A howler monkey (D:5)
  5 crimson imps (D:3)
  3 hounds (D:6)
  A jelly (D:5)
  Crazy Yiuf (D:2)
  2 iguanas
  3 orc wizards (D:6)
  3 worker ants
  A hound skeleton (D:4)
  Robin (D:2)
  3 gnolls (D:6)
  5 adders
  A shadow imp (D:5)
  2 dart slugs
  3 leopard geckos
  9 orcs
  2 ball pythons (D:1)
  9 bats
  6 hobgoblins
  2 jackals (D:3)
  7 kobolds
  2 quokkas
  2 frilled lizards
  19 goblins
  A jackal skeleton (D:4)
  5 rats
108 creatures vanquished.

Notes
Turn   | Place    | Note
-------+----------+-------------------------------------------
     0 | D:1      | Anathary the Gargoyle Fighter began the quest for the Orb.
     0 | D:1      | Reached XP level 1. HP: 14/14 MP: 1/1
   223 | D:1      | Reached XP level 2. HP: 19/19 MP: 2/2
   348 | D:1      | Reached skill level 3 in Maces & Flails
   502 | D:1      | Reached XP level 3. HP: 23/23 MP: 3/3
  1116 | D:2      | Found an ancient bone altar of Kikubaaqudgha.
  1140 | D:2      | Noticed Robin
  1151 | D:2      | Reached skill level 4 in Maces & Flails
  1160 | D:2      | Killed Robin
  1160 | D:2      | Reached XP level 4. HP: 6/28 MP: 4/4
  1803 | D:2      | Found a runed translucent door.
  1804 | D:2      | Noticed Crazy Yiuf
  1815 | D:2      | Killed Crazy Yiuf
  2360 | D:3      | Found a shimmering altar of Xom.
  2366 | D:3      | Reached skill level 5 in Maces & Flails
  2366 | D:3      | Reached XP level 5. HP: 32/32 MP: 5/5
  2683 | D:3      | Found a burning altar of Makhleb.
  2696 | D:3      | Reached skill level 6 in Maces & Flails
  2696 | D:3      | Reached XP level 6. HP: 37/37 MP: 6/6
  2698 | D:3      | Became a worshipper of Makhleb the Destroyer
  2939 | D:3      | Found an iron altar of Okawaru.
  3083 | D:4      | Noticed Sigmund
  3166 | D:4      | Noticed Grinder
  3189 | D:4      | Paralysed by Grinder for 7 turns
  3198 | D:4      | Killed Grinder
  3198 | D:4      | Reached skill level 7 in Maces & Flails
  3198 | D:4      | Reached XP level 7. HP: 9/41 MP: 7/7
  3489 | D:4      | Noticed Eustachio
  3517 | D:4      | Killed Eustachio
  3517 | D:4      | Reached skill level 8 in Maces & Flails
  3736 | D:4      | Killed Sigmund
  3935 | D:4      | Found Rele's Assorted Antiques.
  4165 | D:4      | Reached skill level 9 in Maces & Flails
  4165 | D:4      | Reached XP level 8. HP: 42/46 MP: 8/8
  4387 | D:5      | Entered Level 5 of the Dungeon
  4569 | D:5      | Found a sparkling altar of Nemelex Xobeh.
  4910 | D:6      | Reached skill level 10 in Maces & Flails
  5078 | D:6      | Found a runed translucent door.
  5079 | D:6      | Noticed lukutis69's ghost (novice MiBe)
  5163 | D:6      | Found a staircase to the Ecumenical Temple.
  5323 | D:6      | Reached * piety under Makhleb
  5536 | D:6      | Reached XP level 9. HP: 43/51 MP: 9/9
  5684 | D:7      | Noticed Harold
  5711 | D:6      | Slain by a centaur

Levels and vault maps discovered:
D:1:      evilmike_arrival_hilbert_curve, layout_rooms, minmay_pentomino_x2
D:2:      layout_basic, lemuel_doored_altar, uniq_robin, uniq_crazy_yiuf_cottage
D:3:      layout_basic, makhleb_grotto_becter, led_xom_imps, lemuel_tele_altar
D:4:      layout_basic, serial_shops, nicolae_shop_behind_doors, uniq_grinder,
          uniq_eustachio, uniq_sigmund
D:5:      layout_rooms, basic_altar, first_ration, kennysheep_generic_room_2
D:6:      layout_loops_ring, minmay_temple_entry_tees,
          hellmonk_ghost_happy_afterlife
D:7:      layout_basic, trog_eyes_of_draining, kennysheep_mini_moat,
          minmay_misc_feat_doors, uniq_menkaure, uniq_harold

Skill      XL: |  1  2  3  4  5  6  7  8 |
---------------+-------------------------+-----
Maces & Flails | 3 4 5 6 7 9 10 | 10.8
Shields        | 4 |  4.1
Fighting       | |  3.2
Armour         | |  3.9
Dodging        | |  0.2

Action                   |  1- 3 |  4- 6 |  7- 9 || total
-------------------------+-------+-------+-------++-------
Melee: Flail             |   134 |   136 |   317 ||   587
  Use: Scroll            |       |       |     5 ||     5
  Eat: Ration            |     1 |     1 |     2 ||     4
       Chunk             |       |     2 |     4 ||     6
Armor: Scale mail        |    82 |    62 |   140 ||   284
Dodge: Dodged            |    67 |    39 |   104 ||   210
       Deflected         |       |     1 |     1 ||     2
Block: Shield            |    98 |    66 |   128 ||   292

Table legend:
 A = Non-vault XP
 B = Vault XP
 C = Vault XP percentage of total XP
 D = Non-vault monster count
 E = Vault monster count
 F = Vault count percentage of total count
                 A         B        C        D         E       F
            +---------+---------+-------+---------+---------+-------
      Total |    1393 |    1030 |  42.5 |      85 |      23 |  21.3
            +---------+---------+-------+---------+---------+-------
        D:1 |      38 |       1 |   2.6 |      22 |       1 |   4.3
        D:2 |      27 |      78 |  74.3 |       8 |      14 |  63.6
        D:3 |      35 |     240 |  87.3 |      14 |       5 |  26.3
        D:4 |     190 |     711 |  78.9 |       6 |       3 |  33.3
        D:5 |     388 |       0 |   0.0 |       9 |       0 |   0.0
        D:6 |     668 |       0 |   0.0 |      23 |       0 |   0.0
        D:7 |      47 |       0 |   0.0 |       3 |       0 |   0.0
            +---------+---------+-------+---------+---------+-------
